Map: Prion Terraces

Players

Miszu - Winner!

  • Race: Protoss Protoss
  • League: Grandmaster

Padre

  • Race: Terran Terran
  • League: Master

VOD

Have the link to the VOD?

Description

Time

  • Played on: April 8, 2016, 4:49 p.m.
  • Length: 7:04
Show
View Real Time Build Order
Export as new Build Order

Miszu Protoss - Winner!

Build Orders: 1 Gate Expand, Blink Stalkers 

Get SALT Encoding   

  12  0:01  Probe (Chrono Boost)  
  13  0:11  Probe (Chrono Boost)  
  14  0:17  Pylon  
  14  0:22  Probe (Chrono Boost)  
  16  0:36  Probe (Chrono Boost)  
  16  0:41  Gateway  
  16  0:46  Probe (Chrono Boost)  
  17  0:57  Probe (Chrono Boost)  
  18  1:07  Probe (Chrono Boost)  
  19  1:16  Nexus  
  19  1:19  Probe (Chrono Boost)  
  19  1:24  Assimilator  
  20  1:29  Probe (Chrono Boost)  
  21  1:35  Cybernetics Core  
  22  1:40  Probe (Chrono Boost)  
  22  1:47  Pylon  
  22  1:50  Probe (Chrono Boost)  
  23  1:54  Assimilator  
  23  2:05  Probe (Chrono Boost)  
  24  2:13  Adept (Chrono Boost)  
  26  2:16  Probe  
  27  2:28  Probe  
  29  2:30  Mothership Core  
  30  2:40  Probe  
  31  2:48  Warp Gate  
  31  2:49  Adept (Chrono Boost)  
  31  2:50  Probe  
  33  2:52  Probe  
  35  3:01  Probe  
  36  3:09  Twilight Council, Probe  
  36  3:11  Pylon  
  37  3:14  Assimilator  
  37  3:15  Assimilator  
  37  3:21  Probe  
  37  3:22  Probe  
  39  3:29  Robotics Facility  
  39  3:38  Probe  
  39  3:39  Probe  
  41  3:45  Blink (Chrono Boost)  
  41  3:48  Gateway  
  41  3:50  Gateway  
  41  3:51  Probe  
  41  3:52  Probe  
  43  3:57  Pylon  
  43  4:02  Probe  
  43  4:04  Probe  
  45  4:13  Probe  
  45  4:16  Observer (Chrono Boost), Probe  
  48  4:22  Pylon  
  49  4:36  Observer (Chrono Boost)  
  49  4:40  Nexus  
  49  4:42  Gateway  
  49  4:44  Gateway  
  49  4:46  Gateway  
  49  4:47  Gateway  
  49  4:51  Probe  
  50  4:53  Probe  
  50  4:54  Pylon  
  50  4:58  Observer (Chrono Boost)  
  52  5:00  Stalker x2  
  52  5:02  Stalker  
  52  5:03  Probe  
  50  5:16  Probe x2  
  51  5:28  Probe x2  
  53  5:37  Stalker x3  
  53  5:40  Probe  
  53  5:41  Probe  
  61  5:45  Immortal (Chrono Boost)  
  61  5:47  Sentry x2  
  69  5:50  Probe  
  69  5:52  Probe  
  69  5:53  Probe  
  72  6:01  Probe  
  72  6:03  Adept  
  75  6:05  Probe x2  
  77  6:11  Pylon, Probe  
  77  6:17  Probe x2  
  80  6:19  Adept x3  
  80  6:20  Adept  
  92  6:34  Adept x2  
Show
View Real Time Build Order
Export as new Build Order

Padre Terran 

Build Orders: Reaper Expand 

Get SALT Encoding   

  12  0:01  SCV  
  13  0:13  SCV  
  14  0:20  Supply Depot  
  14  0:25  SCV  
  15  0:42  SCV  
  16  0:44  Barracks  
  16  0:47  Refinery  
  16  0:54  SCV  
  17  1:08  SCV  
  18  1:20  SCV  
  19  1:32  SCV  
  19  1:33  Reaper  
  19  1:35  Command Center  
  22  1:48  Orbital Command  
  21  2:07  Barracks Reactor  
  21  2:14  Refinery  
  21  2:15  SCV  
  22  2:19  Supply Depot  
  22  2:25  Factory  
  22  2:27  SCV  
  23  2:41  SCV  
  24  2:47  Orbital Command  
  24  2:50  Marine x2  
  25  2:53  SCV  
  26  3:05  SCV  
  27  3:08  Marine x2  
  27  3:09  Starport  
  27  3:10  Widow Mine  
  31  3:15  SCV  
  31  3:17  SCV  
  31  3:18  Bunker  
  33  3:26  Marine  
  33  3:27  SCV  
  35  3:29  SCV  
  36  3:39  SCV  
  39  3:41  Widow Mine, SCV  
  39  3:43  Marine  
  39  3:44  Marine  
  39  3:46  Supply Depot  
  39  3:48  Medivac  
  44  3:51  SCV  
  44  3:53  SCV  
  46  4:07  SCV  
  46  4:08  SCV  
  48  4:13  Factory Reactor  
  48  4:14  Marine, Barracks  
  48  4:15  Marine, Barracks  
  50  4:26  SCV x2  
  50  4:28  Refinery  
  50  4:29  Refinery  
  50  4:30  Engineering Bay  
  52  4:31  Engineering Bay  
  52  4:32  Marine  
  52  4:33  Marine  
  54  4:39  Command Center  
  54  4:57  Factory Tech Lab  
  54  4:59  Supply Depot  
  54  5:13  Marine  
  54  5:15  Marine, SCV  
  54  5:17  SCV  
  54  5:19  Medivac  
  54  5:20  Marine x2, Medivac, Siege Tank  
  61  5:27  SCV  
  62  5:32  Supply Depot  
  62  5:33  Supply Depot  
  62  5:36  Supply Depot  
  62  5:39  Barracks Tech Lab  
  62  5:45  Barracks Tech Lab  
  62  5:48  Marine x2, SCV  
  63  5:56  Orbital Command  
  63  6:00  Medivac x2  
  67  6:06  Marine  
  67  6:07  Marauder x2, SCV  
  67  6:08  SCV  
  74  6:14  Marine  
  75  6:20  Siege Tank  
  75  6:22  Barracks x2  
  75  6:23  Marine, Barracks  
  75  6:25  Orbital Command  
  79  6:28  Marauder x2  
  79  6:31  Marine  
Tags
 
Add a new tag
Caveats
  • Supply blocks, unpowered buildings, or Contaminate may cause inaccurate times.
  • Supply counts are checked every 10 seconds.